 Dungeon Crawl Stone Soup version 0.29.0-4-gdea44cf6ec (webtiles) character file.

Game seed: 4358426228436911025

293 qw the Chopper (level 6, -3/35 HPs)
             Began as a Tengu Warper on Aug 28, 2022.
             Slain by a river rat (5 damage)
             ... summoned by Eustachio
             ... on level 4 of the Dungeon.
             The game lasted 00:00:27 (4389 turns).

qw the Chopper (Tengu Warper)                       Turns: 4389, Time: 00:00:27

Health: -3/35      AC: 14    Str: 13      XL:     6   Next: 33%
Magic:  10/10      EV:  4    Int: 13      God:
Gold:   123        SH:  0    Dex: 12 (14) Spells: 9/9 levels left

rFire   + . .      SeeInvis .   Y - +0 hand axe
rCold   . . .      Faith    .   (no shield)
rNeg    . . .      Spirit   .   f - +4 plate armour
rPois   .          Reflect  .   (helmet restricted)
rElec   .          Harm     .   (no cloak)
rCorr   .          Rampage  .   (no gloves)
Will    .....                   (boots unavailable)
Stlth   ..........              (no amulet)
HPRegen 0.11/turn               c - ring of protection from fire
MPRegen 0.12/turn               (no ring)

@: flying quickly and evasively, quick
A: beak, talons 3, nimble flight
a: no special abilities


You were on level 4 of the Dungeon.
You visited 1 branch of the dungeon, and saw 4 of its levels.

You collected 264 gold pieces.
You spent 141 gold pieces at shops.


Innate Abilities, Weirdness & Mutations

You have a beak for a mouth.
You have claws for feet.
Your magical nature lets you fly swiftly and evasively.


   Skills:
 - Level 2.0 Fighting
 + Level 6.9 Axes
 - Level 1.0 Throwing
 - Level 2.0 Armour
 - Level 2.1 Dodging
 - Level 2.0 Spellcasting
 - Level 2.4 Translocations


You had 9 spell levels left.
You didn't know any spells.
Your spell library contained the following spells:

 Spells                   Type           Power      Damage    Failure   Level
 Blink                    Tloc           14%        N/A       100%        2
 Gell's Gravitas          Tloc           7%         N/A       100%        3
 Lesser Beckoning         Tloc           7%         N/A       100%        3
 Teleport Other           Tloc           7%         N/A       100%        3
 Manifold Assault         Tloc           7%         N/A       100%        5

Inventory:

Hand Weapons
 e - a +0 flail
 Y - a +0 hand axe (weapon)
Armour
 f - a +4 plate armour (worn)
Jewellery
 c - a ring of protection from fire (left hand)
Scrolls
 a - 2 scrolls of identify
Potions
 b - 5 potions of curing
 d - a potion of might
 i - a potion of mutation {unknown}
 l - a potion of resistance {unknown}
 m - a potion of heal wounds {unknown}

Dungeon Overview and Level Annotations

Branches:
Dungeon (4/15)
 Temple: D:4-7

Altars:
Dithmenos
Fedhas
Hepliaklqana
Wu Jian
Xom
The Shining One

Shops:
D:2 :=!(   D:3 (

Annotations:
D:4 Eustachio


Message History

The crimson imp blinks!
Eustachio hits you with a +0 rapier.
4377 ||| Stepping ~*~*~tactically~*~*~ (hiding).
You hit Eustachio but do no damage. Your kick misses Eustachio.
Eustachio is lightly wounded.
Eustachio hits you but does no damage.
You hit Eustachio. Your peck misses Eustachio.
Eustachio is moderately wounded.
Eustachio casts a spell.
Eustachio blinks!
4380 ||| Stepping ~*~*~tactically~*~*~ (hiding).
The iron imp disappears in a puff of smoke!
The bat hits you but does no damage.
You hit the bat.
The bat is severely wounded.
The bat hits you but does no damage. x2
You hit the bat but do no damage. You claw the bat.
You kill the bat!
The bat's corpse disappears in a puff of smoke!
Eustachio casts a spell.
You hit the rat. You claw the rat.
You kill the rat!
The rat's corpse disappears in a puff of smoke!
The crimson imp disappears in a puff of smoke!
You hit Eustachio but do no damage.
Eustachio is moderately wounded.
Eustachio hits you but does no damage.
You closely miss Eustachio. You claw Eustachio! Your peck misses Eustachio.
Eustachio is heavily wounded.
You hit the river rat but do no damage.
Eustachio casts a spell.
The river rat bites you.
You closely miss Eustachio. You claw Eustachio.
Eustachio is heavily wounded.
You hit the river rat but do no damage. Eustachio hits you with a +0 rapier!
You miss Eustachio. Your peck misses Eustachio.
Eustachio is heavily wounded.
You hit the river rat but do no damage. The river rat bites you.
You die...

$$#.##....### ..#.. .#
###....<....# #)#..##..
....##......# ##. #....#.
............ #.#
###....#########........# #..
.......#.......#........# #.#
#....#.#####.#....#.### #.#
#....#.# #.#....._..# #¤#
#...r@@# #.#....#.#.# #.#
#..#rrr# #.%........#
#####.#####..#.#.#####.......##.#
#...l........#.#...¤...#<#...# .#
#.#####.%###.#.###.r.###.##### #
#.# ##.###.#.....5..5..# #.#
#...########...##### ..# ###'###
##.## %%# ##.....## #)#


You could see Eustachio, 3 river rats and a quokka (summoned).

Vanquished Creatures
  A jelly (D:4)
  An iguana (D:4)
  Natasha (D:2)
  4 gnolls (D:3)
  6 adders
  A worm (D:3)
  4 dart slugs
  3 bats
  10 endoplasms
  8 giant cockroaches
  6 goblins
  16 hobgoblins
  4 jackals (D:4)
  9 kobolds
  9 quokkas
  9 ball pythons
  4 frilled lizards
  7 rats
103 creatures vanquished.

Vanquished Creatures (others)
  A plant (D:4)
1 creature vanquished.

Grand Total: 104 creatures vanquished

Notes
Turn   | Place    | Note
-------+----------+-------------------------------------------
     0 | D:1      | qw the Tengu Warper began the quest for the Orb.
     0 | D:1      | Reached XP level 1. HP: 12/12 MP: 4/4
     0 | D:1      | 0 ||| qw: Version: 0.1-a-89-g26bdef1
     0 | D:1      | 0 ||| qw: Game counter: 386
     0 | D:1      | 0 ||| qw: Always use a shield: true
     0 | D:1      | 0 ||| qw: God list: Okawaru
     0 | D:1      | 0 ||| qw: Allow faded altars: false
     0 | D:1      | 0 ||| qw: Do Orc after D:15 true
     0 | D:1      | 0 ||| qw: Do second Lair branch before Depths: true
     0 | D:1      | 0 ||| qw: Lair rune preference: random
     0 | D:1      | 0 ||| qw: Plans: Normal
     0 | D:1      | 0 ||| PLANNING D:1-11
    13 | D:1      | 13 ||| Stepping ~*~*~tactically~*~*~ (hiding).
   101 | D:1      | 101 ||| Stepping ~*~*~tactically~*~*~ (stealth).
   106 | D:1      | Reached skill level 3 in Axes
   106 | D:1      | Reached XP level 2. HP: 16/17 MP: 6/6
   206 | D:1      | 206 ||| Stepping ~*~*~tactically~*~*~ (stealth).
   207 | D:1      | 207 ||| Stepping ~*~*~tactically~*~*~ (stealth).
   212 | D:1      | 212 ||| Stepping ~*~*~tactically~*~*~ (stealth).
   403 | D:1      | 403 ||| Stepping ~*~*~tactically~*~*~ (stealth).
   405 | D:1      | 405 ||| Stepping ~*~*~tactically~*~*~ (stealth).
   553 | D:1      | Reached XP level 3. HP: 18/21 MP: 7/7
   744 | D:1      | Found a faded altar of an unknown god.
   793 | D:1      | 793 ||| UPGRADING to +0 plate armour.
   803 | D:1      | 803 ||| DROPPING +0 leather armour.
   804 | D:1      | 804 ||| READING scroll labelled XARONN LIPNEUC.
   805 | D:1      | 805 ||| READING scroll labelled DAFOURGHE QAEPH.
   806 | D:1      | 806 ||| DROPPING scroll of blinking.
   833 | D:2      | Reached skill level 4 in Axes
  1002 | D:2      | Found Tabut's Distillery.
  1010 | D:2      | 1010 ||| Stepping ~*~*~tactically~*~*~ (stealth).
  1029 | D:2      | 1029 ||| Stepping ~*~*~tactically~*~*~ (stealth).
  1041 | D:2      | 1041 ||| BUYING 2 potions of curing (66 gold).
  1041 | D:2      | Bought 2 potions of curing for 66 gold pieces
  1041 | D:2      | 1041 ||| BUYING potion of curing (33 gold).
  1041 | D:2      | Bought a potion of curing for 33 gold pieces
  1041 | D:2      | 1041 ||| SHOPLISTING potion of might (44 gold, have 31).
  1111 | D:2      | Found Feuprez's Weapon Shoppe.
  1224 | D:2      | 1224 ||| BUYING +0 mace (42 gold).
  1224 | D:2      | Bought a +0 mace for 42 gold pieces
  1224 | D:2      | 1224 ||| SHOPLISTING +1 hand axe of freezing (173 gold,
                  | have 13).
  1224 | D:2      | 1224 ||| DROPPING +0 club.
  1310 | D:2      | Found Unuit's Jewellery Boutique.
  1318 | D:2      | 1318 ||| SHOPLISTING +6 ring of strength (432 gold, have
                  | 13).
  1318 | D:2      | 1318 ||| SHOPLISTING amulet of guardian spirit (360 gold,
                  | have 13).
  1318 | D:2      | 1318 ||| SHOPLISTING amulet of reflection (360 gold, have
                  | 13).
  1318 | D:2      | 1318 ||| SHOPLISTING ring of ice (300 gold, have 13).
  1318 | D:2      | 1318 ||| SHOPLISTING ring of poison resistance (240 gold,
                  | have 13).
  1427 | D:2      | Reached XP level 4. HP: 18/26 MP: 8/8
  1540 | D:2      | Found Pylomen's Book Boutique.
  1542 | D:2      | Noticed Natasha
  1543 | D:2      | 1543 ||| Stepping ~*~*~tactically~*~*~ (hiding).
  1545 | D:2      | 1545 ||| Stepping ~*~*~tactically~*~*~ (hiding).
  1546 | D:2      | 1546 ||| Stepping ~*~*~tactically~*~*~ (hiding).
  1553 | D:2      | Killed Natasha
  1688 | D:2      | 1688 ||| READING scroll of enchant armour.
  1688 | D:2      | 1688 ||| ENCHANTING +0 plate armour.
  1894 | D:2      | 1894 ||| READING 2 scrolls labelled OVACVE MOA.
  1895 | D:2      | 1895 ||| READING scroll labelled DOAPICRI WUONT.
  1896 | D:2      | 1896 ||| DRINKING 2 fuming puce potions.
  1897 | D:2      | 1897 ||| READING 2 scrolls of identify.
  1897 | D:2      | 1897 ||| IDENTIFYING clear potion
  1898 | D:2      | 1898 ||| DROPPING potion of brilliance.
  1899 | D:2      | 1899 ||| DROPPING scroll of fear.
  1981 | D:3      | Found an ornate altar of the Wu Jian Council.
  2101 | D:3      | Reached skill level 5 in Axes
  2131 | D:3      | 2131 ||| Stepping ~*~*~tactically~*~*~ (stealth).
  2136 | D:3      | 2136 ||| Stepping ~*~*~tactically~*~*~ (stealth).
  2162 | D:3      | 2162 ||| Stepping ~*~*~tactically~*~*~ (stealth).
  2166 | D:3      | 2166 ||| Stepping ~*~*~tactically~*~*~ (stealth).
  2167 | D:3      | 2167 ||| Stepping ~*~*~tactically~*~*~ (stealth).
  2190 | D:3      | 2190 ||| Stepping ~*~*~tactically~*~*~ (stealth).
  2215 | D:3      | 2215 ||| READING 3 scrolls of enchant armour.
  2215 | D:3      | 2215 ||| ENCHANTING +1 plate armour.
  2216 | D:3      | 2216 ||| READING 2 scrolls of enchant armour.
  2216 | D:3      | 2216 ||| ENCHANTING +2 plate armour.
  2217 | D:3      | 2217 ||| READING scroll of enchant armour.
  2217 | D:3      | 2217 ||| ENCHANTING +3 plate armour.
  2240 | D:3      | 2240 ||| Stepping ~*~*~tactically~*~*~ (stealth).
  2355 | D:3      | Found a shimmering altar of Xom.
  2366 | D:3      | 2366 ||| UPGRADING to ring of protection from fire.
  2367 | D:3      | 2367 ||| Stepping randomly (stuck).
  2369 | D:3      | 2369 ||| Stepping randomly (stuck).
  2379 | D:3      | Gained mutation: Your magical nature lets you fly swiftly
                  | and evasively. [Tengu growth]
  2379 | D:3      | Reached XP level 5. HP: 30/30 MP: 9/9
  2515 | D:3      | 2515 ||| DROPPING +0 mace.
  2577 | D:3      | 2577 ||| FLEEEEING.
  2578 | D:3      | 2578 ||| FLEEEEING.
  2579 | D:3      | 2579 ||| FLEEEEING.
  2580 | D:3      | 2580 ||| FLEEEEING.
  2584 | D:3      | 2584 ||| FLEEEEING.
  2585 | D:3      | 2585 ||| FLEEEEING.
  2757 | D:3      | Found a blossoming altar of Fedhas.
  2777 | D:3      | Found a glowing golden altar of the Shining One.
  2791 | D:3      | Found Zozxus's Antique Weapon Shoppe.
  2799 | D:3      | 2799 ||| SHOPLISTING iridescent war axe (246 gold, have
                  | 35).
  2873 | D:3      | 2873 ||| Stepping ~*~*~tactically~*~*~ (hiding).
  3149 | D:3      | Reached skill level 6 in Axes
  3289 | D:3      | 3289 ||| Stepping ~*~*~tactically~*~*~ (hiding).
  3560 | D:3      | 3560 ||| Stepping ~*~*~tactically~*~*~ (stealth).
  3605 | D:3      | 3605 ||| Stepping ~*~*~tactically~*~*~ (stealth).
  3607 | D:3      | 3607 ||| Stepping ~*~*~tactically~*~*~ (hiding).
  3609 | D:3      | 3609 ||| Stepping ~*~*~tactically~*~*~ (hiding).
  3721 | D:3      | 3721 ||| Stepping ~*~*~tactically~*~*~ (stealth).
  3780 | D:3      | 3780 ||| READING scroll labelled KOCSIENUPI.
  3783 | D:3      | 3783 ||| READING scroll labelled POOSUI GAOFEU.
  3784 | D:3      | 3784 ||| READING 2 scrolls of identify.
  3784 | D:3      | 3784 ||| IDENTIFYING lumpy silvery potion
  3785 | D:3      | 3785 ||| DROPPING potion of magic.
  3786 | D:3      | 3786 ||| Stepping randomly (stuck).
  3787 | D:3      | 3787 ||| Stepping ~*~*~tactically~*~*~ (cloud).
  4006 | D:4      | Reached XP level 6. HP: 35/35 MP: 10/10
  4095 | D:4      | Found a shadowy altar of Dithmenos.
  4174 | D:4      | Found a faded altar of an unknown god.
  4177 | D:4      | Found a hazy altar of Hepliaklqana.
  4177 | D:4      | Found a faded altar of an unknown god.
  4188 | D:4      | 4188 ||| Stepping ~*~*~tactically~*~*~ (stealth).
  4203 | D:4      | Found a faded altar of an unknown god.
  4304 | D:4      | 4304 ||| FLEEEEING.
  4305 | D:4      | 4305 ||| FLEEEEING.
  4309 | D:4      | Noticed Eustachio
  4311 | D:4      | 4311 ||| FLEEEEING.
  4314 | D:4      | 4314 ||| FLEEEEING.
  4315 | D:4      | 4315 ||| FLEEEEING.
  4316 | D:4      | 4316 ||| FLEEEEING.
  4317 | D:4      | 4317 ||| FLEEEEING.
  4339 | D:4      | 4339 ||| Stepping ~*~*~tactically~*~*~ (hiding).
  4377 | D:4      | 4377 ||| Stepping ~*~*~tactically~*~*~ (hiding).
  4380 | D:4      | 4380 ||| Stepping ~*~*~tactically~*~*~ (hiding).
  4388 | D:4      | HP: 1/35 [Eustachio/+0 rapier (8)]
  4389 | D:4      | Slain by a river rat

Levels and vault maps discovered:
D:1:      ebering_trefoil_twist, layout_basic,
          shapermc_ecumenical_altar_rom_forum
D:2:      wander_river, layout_basic, serial_shops, shop_statue,
          nicolae_shop_advertising_works [nicolae_subvault_shop_adworks],
          nicolae_shop_window_shopping, shop_fountains, uniq_natasha
D:3:      minmay_razor_zed, layout_basic, nicolae_wu_jian_wuxing_cycle,
          mainiacjoe_overflow_paths, tgw_xom,
          mainiacjoe_overflow_surrounded_room, serial_shops, shop,
          minmay_misc_feat_cross
D:4:      layout_loops_ring, bloody_makhleb,
          nicolae_hepliaklqana_ecumenical_no_more, amcnicky_altar_gilded,
          lemuel_crystal_altar, uniq_eustachio

Skill      XL: |  1  2  3  4  5 |
---------------+----------------+-----
Axes           | 3 4 5 6 |  6.9
Armour         | 2 |  2.0
Fighting       | |  2.0
Throwing       | |  1.0
Dodging        | |  2.1
Spellcasting   | |  2.0
Translocations | |  2.4

Action                   |  1- 3 |  4- 6 || total
-------------------------+-------+-------++-------
Melee: Hand axe          |    90 |   192 ||   282
       Kick              |    27 |    47 ||    74
       Peck              |    12 |    26 ||    38
       Punch             |     1 |       ||     1
Throw: Boomerang         |     7 |       ||     7
       Javelin           |     1 |    47 ||    48
  Use: Scroll            |     2 |    10 ||    12
       Potion            |       |     1 ||     1
Armor: Leather armour    |    10 |       ||    10
       Plate armour      |    30 |   174 ||   204
Dodge: Dodged            |    28 |    37 ||    65

Table legend:
 A = Non-vault XP
 B = Vault XP
 C = Vault XP percentage of total XP
 D = Non-vault monster count
 E = Vault monster count
 F = Vault count percentage of total count
                 A         B        C        D         E       F
            +---------+---------+-------+---------+---------+-------
      Total |     331 |      88 |  21.0 |      79 |      24 |  23.3
            +---------+---------+-------+---------+---------+-------
        D:1 |      36 |       0 |   0.0 |      20 |       0 |   0.0
        D:2 |      54 |      35 |  39.3 |      17 |       1 |   5.6
        D:3 |     139 |      53 |  27.6 |      28 |      23 |  45.1
        D:4 |     102 |       0 |   0.0 |      14 |       0 |   0.0
            +---------+---------+-------+---------+---------+-------
